 Dungeon Crawl Stone Soup version 0.24-a0-408-gcc1054c7ca (webtiles) character file.

Game seed: 384207970887778023

7674 MachJacob the Cleaver (level 10, 0/80 HPs)
             Began as a Demonspawn Monk on June 5, 2019.
             Was a Believer of Qazlal.
             Slain by a wolf (5 damage)
             ... in an ice cave.
             The game lasted 01:00:20 (18753 turns).

MachJacob the Cleaver (Demonspawn Monk)            Turns: 18753, Time: 01:00:20

Health: 0/80       AC: 20    Str: 13    XL:     10   Next: 99%
Magic:  16/16      EV: 11    Int: 12    God:    Qazlal [**....]
Gold:   724        SH:  2    Dex: 22    Spells: 14/15 levels left

rFire    + . .     SeeInvis .   a - +0 hand axe
rCold    + . .     Gourm    .   (no shield)
rNeg     . . .     Faith    .   m - +0 plate armour
rPois    .         Spirit   .   i - +2 hat
rElec    .         Reflect  .   M - +0 cloak
rCorr    .         Harm     .   A - +0 pair of gloves
MR       .....                  e - +0 pair of boots
Stlth    ..........             x - amulet of magic regeneration
HPRegen  0.23/turn              z - ring of protection from cold
MPRegen  0.40/turn              O - ring of protection from fire

@: agile, studying Staves
A: claws 1, yellow scales 2, demonic guardian 1, powered by pain 1
a: Upheaval, Renounce Religion


You were in an ice cave.
You worshipped Qazlal.
Qazlal was pleased with you.
You were not hungry.

You visited 2 branches of the dungeon, and saw 12 of its levels.
You also visited: Ice Cave.

You collected 724 gold pieces.

Inventory:

Hand Weapons
 a - a +0 hand axe (weapon)
 b - a +0 hunting sling
Missiles
 f - 386 stones (quivered)
 u - 47 sling bullets
Armour
 e - a +0 pair of boots (worn)
 i - a +2 hat (worn)
 m - a +0 plate armour (worn)
 n - a +0 helmet of see invisible
 t - a +0 leather armour
 A - a +0 pair of gloves (worn)
 M - a +0 cloak (worn)
Jewellery
 x - an amulet of magic regeneration (around neck)
 z - a ring of protection from cold (left hand)
 E - a +3 ring of intelligence
 O - a ring of protection from fire (right hand)
Wands
 k - a wand of random effects (11)
 q - a wand of disintegration (10)
 y - a wand of flame (11)
 D - a wand of polymorph (7)
 F - a wand of digging (8)
Scrolls
 p - 5 scrolls of remove curse
 C - 2 scrolls of identify
 G - a scroll of vulnerability {unknown}
 H - a scroll of immolation
 J - a scroll of enchant armour {unknown}
 L - a scroll of brand weapon {unknown}
 P - a scroll of teleportation
Potions
 g - a potion of curing
 h - 2 potions of berserk rage
 j - 3 potions of cancellation
 l - 3 potions of haste
 o - a potion of resistance
 r - a potion of invisibility
 s - a potion of mutation
 v - a potion of degeneration {unknown}
 w - 3 potions of magic
 B - a potion of flight
Books
 I - a manual of Staves
   (You found it on level 8 of the Dungeon)
Comestibles
 c - 14 rations


   Skills:
 + Level 8.2 Fighting
 * Level 10.2 Axes
 - Level 5.0 Armour
 - Level 5.0 Dodging
 - Level 1.7 Stealth
 - Level 3.0 Spellcasting
 - Level 3.1 Necromancy
 - Level 8.1 Invocations
 * Level 0.2 Evocations


You had 14 spell levels left.
You knew the following spells:

 Your Spells              Type           Power        Failure   Level  Hunger
a - Animate Skeleton      Necr           N/A          100%        1    #......

Your spell library contained the following spells:

 Spells                   Type           Power        Failure   Level  Hunger
 Apportation              Tloc           #.....       100%        1    #......
 Confusing Touch          Hex            #.....       100%        1    #......
 Summon Butterflies       Summ           #.......     100%        1    #......
 Summon Small Mammal      Summ           #...         100%        1    #......
 Call Imp                 Summ           #.......     100%        2    ###....
 Call Canine Familiar     Summ           #.......     100%        3    ###....
 Summon Guardian Golem    Hex/Summ       #.......     100%        3    ###....
 Summon Ice Beast         Ice/Summ       #.......     100%        4    #####..
 Aura of Abjuration       Summ           #.........   100%        5    ######.
 Bolt of Magma            Conj/Fire/Erth #.........   100%        5    ######.
 Iskenderun's Battlesphe  Conj/Chrm      #.......     100%        5    ######.
 Summon Mana Viper        Hex/Summ       #.......     100%        5    ######.
 Venom Bolt               Conj/Pois      #.........   100%        5    ######.
 Freezing Cloud           Conj/Ice/Air   #.........   100%        6    #######
 Iron Shot                Conj/Erth      #.........   100%        6    #######
 Orb of Destruction       Conj           #.........   100%        7    #######
 Spellforged Servitor     Conj/Summ      #.........   100%        7    #######
 Summon Hydra             Summ           #.........   100%        7    #######


Dungeon Overview and Level Annotations

Branches:
Dungeon (11/15)            Temple (1/1) D:7            Lair (0/6) D:11
    Orc (0/2) D:10

Altars:
Ashenzari
Cheibriados
Dithmenos
Elyvilon
Fedhas
Gozag
Hepliaklqana
Kikubaaqudgha
Makhleb
Nemelex Xobeh
Okawaru
Qazlal
Ru
Sif Muna
Trog
Uskayaw
Vehumet
Wu Jian
Xom
Yredelemnul
Zin
The Shining One
Beogh

Annotations:
D:2 1 runed translucent door, Crazy Yiuf
D:6 2 transporters, Shaidar's ghost, novice MiBe


Innate Abilities, Weirdness & Mutations

You have sharp fingernails.
You are mostly covered in yellow scales. (AC +3)
A weak demonic guardian rushes to your aid.
You sometimes gain a little power by taking damage.


Message History

You hit the wolf.
The wolf is heavily wounded.
You hit the wolf but do no damage. The wolf closely misses you.
The wolf is engulfed in blazing flames.
The wolf barely misses you. The wolf bites you.
* * * LOW HITPOINT WARNING * * *
You closely miss the wolf.
The wolf is almost dead.
You closely miss the wolf.
The wolf is engulfed in blazing flames.
You kill the wolf!
Qazlal accepts your kill. The wolf bites you but does no damage.
You hit the wolf but do no damage.
The wolf is almost dead.
The wolf bites you but does no damage. The wolf bites you.
* * * LOW HITPOINT WARNING * * *
Your plate armour prevents you from hitting the wolf.
The wolf is almost dead.
The wolf bites you.
You die...

#####
##@☼.##
##.°h..##
#.......#
#...∩...#
##.....##
##...##
#...#
.†.##
#...#


You could see a wolf.

Vanquished Creatures
  Maurice (D:8)
  A troll (D:9)
  A polar bear (IceCv)
  Prince Ribbit (D:8)
  3 hippogriffs (D:8 D:10)
  A vampire (D:10)
  A yak (IceCv)
  5 humans (D:7 D:9 D:8)
  4 hogs (D:7)
  Menkaure (D:6)
  Duvessa (D:6)
  A water moccasin (D:10)
  An orc warrior (D:8)
  A black bear (D:10)
  2 sky beasts (D:6 D:7)
  2 phantoms (D:4 D:10)
  An ogre (D:4)
  A necrophage (D:10)
  4 wolves (IceCv)
  A big kobold (D:8)
  4 bullfrogs (D:8 D:9)
  Dowan (D:6)
  A wyvern skeleton (D:7)
  A scorpion (D:7)
  2 water moccasin skeletons (D:6 D:9)
  3 jellies (D:10)
  11 killer bees (D:7 D:6 D:9 D:10)
  A wight (D:7)
  2 crimson imps (D:8 D:9)
  A quasit (D:10)
  8 orc priests (D:3 D:2 D:6 D:7 D:9)
  2 centaur skeletons (D:9 D:10)
  3 hounds (D:7 D:8)
  5 orc wizards (D:6 D:7 D:10)
  Jessica (D:2)
  A bullfrog skeleton (D:7)
  An iguana (D:4)
  7 worker ants (D:4 D:5 D:6 D:8 D:9)
  Natasha (thrice) (D:4)
  A hound zombie (D:8)
  A hound skeleton (D:9)
  A howler monkey zombie (D:7)
  A worker ant zombie (D:5)
  Robin (D:2)
  A gnoll (D:1)
  11 adders (D:2 D:3 D:4 D:5 D:7)
  3 shadow imps (D:5 D:6 D:9)
  12 white imps (D:11)
  4 oozes (D:1 D:2 D:4)
  An adder skeleton (D:8)
  A worm (D:6)
  A dart slug (D:3)
  2 leopard geckos (D:3 D:6)
  29 orcs (D:3 D:4 D:6 D:7 D:8)
  4 giant cockroaches (D:2 D:3)
  15 hobgoblins (D:1 D:2 D:3)
  10 jackals (D:1 D:2 D:7)
  A quokka (D:2)
  A ball python (D:2)
  12 bats (D:1 D:2 D:3)
  6 frilled lizards (D:1 D:2 D:3)
  14 goblins (D:1 D:2 D:3)
  A jackal zombie (D:7)
  5 kobolds (D:1 D:2 D:3)
  A leopard gecko zombie (D:6)
  7 rats (D:1 D:2)
  A spectral orc (D:8)
240 creatures vanquished.

Vanquished Creatures (collateral kills)
  A gargoyle (D:10)
  A hippogriff (D:7)
  A wyvern (D:10)
  2 humans (D:9)
  Edmund (D:4)
  A water moccasin (D:8)
  An orc warrior (D:7)
  An ice beast (D:7)
  An ogre (D:4)
  A killer bee (D:7)
  3 wights (D:7)
  An orc priest (D:6)
  An orc wizard (D:6)
  An iguana (D:7)
  4 orcs (D:6)
  A bat (D:3)
  A quokka (D:3)
  A ball python (D:3)
  2 frilled lizards (D:3)
26 creatures vanquished.

Vanquished Creatures (others)
  4 toadstools (D:1)
4 creatures vanquished.

Grand Total: 270 creatures vanquished

Notes
Turn   | Place    | Note
-------+----------+-------------------------------------------
     0 | D:1      | MachJacob the Demonspawn Monk began the quest for the Orb.
     0 | D:1      | Reached XP level 1. HP: 18/18 MP: 1/1
    92 | D:1      | Reached skill level 3 in Axes
    92 | D:1      | Gained mutation: You are partially covered in yellow
                  | scales. (AC +2) [demonic ancestry]
    92 | D:1      | Reached XP level 2. HP: 24/24 MP: 2/2
   439 | D:1      | Reached XP level 3. HP: 23/29 MP: 3/3
  1985 | D:2      | Reached skill level 4 in Axes
  2101 | D:2      | Reached XP level 4. HP: 37/37 MP: 4/4
  2132 | D:2      | Noticed Robin
  2150 | D:2      | Killed Robin
  2466 | D:2      | Learned a level 1 spell: Animate Skeleton
  2488 | D:2      | Noticed Jessica
  2507 | D:2      | Killed Jessica
  2564 | D:2      | Gained mutation: You sometimes gain a little power by
                  | taking damage. [demonic ancestry]
  2564 | D:2      | Reached XP level 5. HP: 39/42 MP: 5/5
  2602 | D:2      | Reached skill level 1 in Necromancy
  2647 | D:2      | Found a bloodstained altar of Trog.
  2760 | D:2      | Found a runed translucent door.
  2761 | D:2      | Noticed Crazy Yiuf
  3384 | D:2      | Reached skill level 1 in Spellcasting
  3886 | D:3      | Gained mutation: A weak demonic guardian rushes to your
                  | aid. [demonic ancestry]
  3886 | D:3      | Reached XP level 6. HP: 45/48 MP: 7/7
  4218 | D:4      | Noticed Edmund
  4409 | D:4      | Killed Edmund
  4409 | D:4      | Reached skill level 5 in Axes
  4814 | D:4      | Reached XP level 7. HP: 52/55 MP: 8/10
  4885 | D:4      | Noticed Natasha
  4892 | D:4      | Killed Natasha
  5463 | D:4      | Noticed Natasha
  5476 | D:4      | Killed Natasha
  5565 | D:4      | Noticed Natasha
  5570 | D:4      | Killed Natasha
  5711 | D:5      | Entered Level 5 of the Dungeon
  6918 | D:6      | Reached skill level 5 in Fighting
  6918 | D:6      | Reached skill level 6 in Axes
  7204 | D:6      | Found a transporter.
  7236 | D:6      | Noticed a vampire
  7253 | D:6      | Noticed Menkaure
  7276 | D:6      | Killed Menkaure
  7516 | D:6      | Found a transporter.
  7517 | D:6      | Noticed Shaidar's ghost (novice MiBe)
  7518 | D:6      | Noticed Duvessa
  7546 | D:6      | Noticed Dowan
  7559 | D:6      | Killed Duvessa
  7559 | D:6      | Gained mutation: You have sharp fingernails. [demonic
                  | ancestry]
  7559 | D:6      | Reached XP level 8. HP: 35/62 MP: 12/12
  7580 | D:6      | Killed Dowan
  8032 | D:6      | Found a white marble altar of Elyvilon.
  8084 | D:6      | Reached skill level 1 in Armour
  8851 | D:7      | Found a hide-covered altar of Uskayaw.
  8853 | D:7      | Noticed a +0 dagger
  8853 | D:7      | Noticed a +0 dagger
  8861 | D:7      | Identified the Handbook of the Entourage and the Snowflakes
  9136 | D:7      | Reached skill level 7 in Axes
  9185 | D:7      | Found a burning altar of Makhleb.
  9188 | D:7      | Found an ornate altar of the Wu Jian Council.
  9674 | D:7      | Found a hide-covered altar of Uskayaw.
  9718 | D:7      | Noticed a hippogriff
  9719 | D:7      | Found a staircase to the Ecumenical Temple.
  9783 | D:7      | Killed a hippogriff
  9842 | Temple   | Entered the Ecumenical Temple
 10118 | Temple   | Became a worshipper of Qazlal Stormbringer
 10118 | Temple   | Reached * piety under Qazlal
 10118 | Temple   | Reached ** piety under Qazlal
 10239 | D:7      | Gained mutation: You are mostly covered in yellow scales.
                  | (AC +3) [demonic ancestry]
 10239 | D:7      | Reached XP level 9. HP: 43/69 MP: 13/13
 10543 | D:7      | Reached skill level 1 in Invocations
 10572 | D:7      | Reached skill level 8 in Axes
 11276 | D:8      | Noticed Prince Ribbit
 11514 | D:8      | Killed Prince Ribbit
 11632 | D:8      | Noticed Maurice
 11866 | D:8      | Killed Maurice
 11866 | D:8      | Reached skill level 5 in Invocations
 12120 | D:8      | Found an iron altar of Okawaru.
 12265 | D:8      | Reached skill level 5 in Dodging
 12315 | D:8      | Found a basalt altar of Yredelemnul.
 12808 | D:9      | Reached XP level 10. HP: 62/79 MP: 14/14
 13116 | D:9      | Reached skill level 9 in Axes
 13865 | D:9      | Found an opulent altar of Gozag.
 14398 | D:10     | Entered Level 10 of the Dungeon
 14893 | D:9      | Found an opulent altar of Gozag.
 15425 | D:9      | Found an opulent altar of Gozag.
 16507 | D:10     | Noticed a gargoyle
 17639 | D:10     | Killed a gargoyle
 18088 | D:10     | Reached skill level 5 in Armour
 18340 | D:10     | Found a staircase to the Orcish Mines.
 18369 | D:10     | Found a roughly hewn altar of Beogh.
 18572 | D:11     | Noticed a two-headed ogre
 18663 | D:11     | Found a frozen archway.
 18670 | D:11     | Reached *** piety under Qazlal
 18681 | D:11     | Reached skill level 10 in Axes
 18717 | IceCv    | Entered an ice cave
 18743 | IceCv    | HP: 4/80 [wolf (8)]
 18752 | IceCv    | HP: 4/80 [wolf (2)]
 18753 | IceCv    | Slain by a wolf

Levels and vault maps discovered:
D:1:      ldierk_walled_garden_2, layout_rooms
D:2:      layout_basic, marbit_many_paths, uniq_crazy_yiuf_cottage,
          uniq_jessica, uniq_robin
D:3:      layout_basic
D:4:      layout_basic, first_ration, uniq_edmund, uniq_natasha
D:5:      layout_cave_pods
D:6:      layout_loops_cross, elyvilon_altar_5, gammafunk_ghost_mausoleum,
          uniq_menkaure, uniq_duvessa
D:7:      layout_loops_ring, dancing_weapons_uskayaw, minitemple,
          minmay_temple_entry_ruins, serial_glass, glass_columns_b,
          glass_columns_a, grunt_livestock, kennysheep_flooded_box, st_stairs_8
D:8:      layout_basic, kennysheep_mini_moat,
          yredelemnul_forgotten_temple_becter, minmay_stone_trees_medium,
          kennysheep_generic_room_9, uniq_maurice, uniq_prince_ribbit1
D:9:      layout_irregular_city, old_standard_altar, minmay_ruffians
D:10:     layout_roguey, minmay_orc_entry_temple_small, kennysheep_nondescript
D:11:     minmay_opposing_rooms, layout_basic, lair_entry_dummy,
          portal_ice_cave_entry_imps
Temple:   dpeg_chambers_temple
IceCv:    ice_cave_small_giant

Skill      XL: |  1  2  3  4  5  6  7  8  9 10 |
---------------+-------------------------------+-----
Axes           | 3 4 5 6 7 8 10 | 10.2
Fighting       | 4 5 6 7 8 |  8.2
Necromancy     | 2 3 |  3.1
Spellcasting   | 1 2 3 |  3.0
Dodging        | 4 5 |  5.0
Armour         | 2 3 5 |  5.0
Invocations    | 5 8 |  8.1
Stealth        | |  1.7
Evocations     | |  0.2

Action                   |  1- 3 |  4- 6 |  7- 9 | 10-12 || total
-------------------------+-------+-------+-------+-------++-------
Melee: Hand axe          |   143 |   184 |   638 |   584 ||  1549
 Fire: Hunting sling     |     1 |   103 |    87 |    13 ||   204
Throw: Stone             |     6 |       |     2 |       ||     8
 Cast: Animate Skeleton  |       |    15 |    17 |     2 ||    34
Invok: Upheaval          |       |       |       |    11 ||    11
Evoke: Wand              |       |       |       |     1 ||     1
  Use: Scroll            |       |     6 |     9 |     7 ||    22
       Potion            |       |       |     1 |     5 ||     6
 Stab: Sleeping          |     3 |     5 |     1 |       ||     9
       Distracted        |       |     1 |     3 |     2 ||     6
  Eat: Chunk             |     4 |     7 |    14 |     3 ||    28
       Ration            |       |     1 |     3 |     5 ||     9
Armor: Robe              |    48 |    64 |    20 |       ||   132
       Leather armour    |       |       |   148 |    58 ||   206
       Plate armour      |       |       |       |   276 ||   276
       Skin              |       |       |       |    35 ||    35
Dodge: Dodged            |    97 |   161 |   372 |   230 ||   860
Block: Other             |       |       |    17 |    60 ||    77

Table legend:
 A = Non-vault XP
 B = Vault XP
 C = Vault XP percentage of total XP
 D = Non-vault monster count
 E = Vault monster count
 F = Vault count percentage of total count
                 A         B        C        D         E       F
            +---------+---------+-------+---------+---------+-------
      Total |    6496 |    4467 |  40.7 |     202 |      64 |  24.1
            +---------+---------+-------+---------+---------+-------
        D:1 |      64 |       0 |   0.0 |      27 |       0 |   0.0
        D:2 |     123 |      74 |  37.6 |      28 |      14 |  33.3
        D:3 |     127 |       0 |   0.0 |      27 |       0 |   0.0
        D:4 |     446 |     131 |  22.7 |      11 |       2 |  15.4
        D:5 |      74 |       0 |   0.0 |       4 |       0 |   0.0
        D:6 |     489 |     303 |  38.3 |      23 |       3 |  11.5
        D:7 |    1052 |     992 |  48.5 |      24 |       7 |  22.6
        D:8 |    1086 |     977 |  47.4 |      13 |       5 |  27.8
        D:9 |    1053 |     796 |  43.1 |      17 |       5 |  22.7
       D:10 |    1982 |     145 |   6.8 |      28 |      10 |  26.3
       D:11 |       0 |     120 | 100.0 |       0 |      12 | 100.0
      IceCv |       0 |     929 | 100.0 |       0 |       6 | 100.0
            +---------+---------+-------+---------+---------+-------
